 Dungeon Crawl Stone Soup version 0.32-a0-132-g2d33c3cfaf (webtiles) character file.

Game seed: 15302874050837377499

24966 cforsyth the Warrior (level 13, -5/109 HPs)
             Began as a Djinni Hexslinger on Feb 9, 2024.
             Engulfed by an ice statue's freezing vapour (30 damage)
             ... in an ice cave.
             The game lasted 00:33:41 (15707 turns).

cforsyth the Warrior (Djinni Hexslinger)           Turns: 15707, Time: 00:33:41

Health: -5/109     AC:  8    Str:  7    XL:     13   Next: 46%
Gold:   1217       EV: 12    Int: 19    God:
                   SH:  0    Dex: 17

rFire   + + .        a - +4 hand axe (elec)
rCold   x . .        (no shield)
rNeg    . . .        I - +0 troll leather armour
rPois   ∞            (no helmet)
rElec   .            M - +0 cloak
rCorr   .            (no gloves)
SInv    .            (boots unavailable)
Will    ++...        (no amulet)
Stlth   +            T - +4 ring of protection
HPRegen 1.18/turn    W - ring of willpower
MPRegen 0.00/turn

%: infuse magic (-6 HP)
@: flying
A: sickness immunity, fire resistance 2, cold vulnerability 1, float, innate
caster, HP casting, extra vitality 1
a: no special abilities


You were in an ice cave.
You visited 2 branches of the dungeon, and saw 14 of its levels.
You also visited: Ice Cave.

You collected 1454 gold pieces.
You spent 237 gold pieces at shops.


Innate Abilities, Weirdness & Mutations

You are immune to sickness and miasma.
You are immune to poison.
Your flesh is very heat resistant. (rF++)
You are vulnerable to cold. (rC-)
You float through the air rather than walking.
You learn spells naturally, not from books.
Your magical power is your life essence.
You have superior vitality. (+4 MHP)


   Skills:
 - Level 15.6 Fighting
 - Level 1.5 Ranged Weapons
 - Level 2.1 Dodging
 + Level 0.7 Shields
 + Level 12.2 Spellcasting
 + Level 12.2 Conjurations
 + Level 12.2 Hexes
 + Level 12.2 Summonings
 + Level 12.2 Necromancy
 + Level 12.2 Translocations
 + Level 12.2 Fire Magic
 + Level 12.2 Ice Magic
 + Level 12.2 Air Magic
 + Level 12.2 Earth Magic
 + Level 12.2 Alchemy


You knew the following spells:

 Your Spells              Type           Power      Damage    Failure   Level
a - Iskenderun's Mystic   Conj/Tloc      55%        2d12      1%          4
c - Cause Fear            Hex            27%        N/A       1%          4
e - Ensorcelled Hibernat  Hex/Ice        100%       N/A       1%          2
f - Inner Flame           Hex/Fire       55%        N/A       1%          3
m - Metabolic Englaciati  Hex/Ice        27%        N/A       1%          5
v - Summon Mana Viper     Hex/Summ       55%        N/A       1%          5
x - Foxfire               Conj/Fire      100%       2x1d9     1%          1
B - Blink                 Tloc           100%       N/A       1%          2
X - Jinxbite              Hex            100%       N/A       1%          2
Y - Sigil of Binding      Hex            55%        N/A       1%          3
Z - Dimensional Bullseye  Hex/Tloc       27%        N/A       1%          4
Your spell library was empty.

Inventory:

Hand Weapons
 a - a +4 hand axe of electrocution (weapon)
Missiles
 w - 6 throwing nets {=f=f}
Armour
 f - a scarf of shadows
 D - a +1 buckler of cold resistance
 I - a +0 troll leather armour (worn)
 M - a +0 cloak (worn)
Magical Staves
 m - a staff of fire {!a!a}
 A - a staff of death {!a!a}
 H - a staff of air {!a!a}
Jewellery
 F - a ring of protection from fire
 T - a +4 ring of protection (left hand)
 W - a ring of willpower (right hand)
Wands
 p - a wand of paralysis (19)
 v - a wand of iceblast (22)
 x - a wand of flame (33)
 y - a wand of acid (8)
 B - a wand of polymorph (6)
 J - a wand of mindburst (4)
Scrolls
 b - 3 scrolls of poison
 g - 6 scrolls of teleportation {@r2@r2}
 j - 4 scrolls of vulnerability {unknown}
 l - 3 scrolls of blinking
 n - 2 scrolls of fear {unknown}
 o - a scroll of immolation {unknown}
 t - a scroll of revelation
 u - 2 scrolls of fog {unknown}
 E - a scroll of enchant weapon {unknown}
 L - a scroll of enchant armour {unknown}
 N - a scroll of torment {unknown}
Potions
 d - 10 potions of heal wounds {@q2@q2}
 e - 2 potions of ambrosia
 h - a potion of might
 i - 7 potions of enlightenment
 k - 6 potions of curing {@q1@q1}
 q - 2 potions of berserk rage {!q!q}
 r - 2 potions of attraction
 s - 3 potions of brilliance
 z - 4 potions of lignification
 C - 4 potions of cancellation
 G - a potion of invisibility
 K - a potion of mutation {unknown}
Miscellaneous
 c - a condenser vane

Dungeon Overview and Level Annotations

Branches:
Dungeon (12/15)            Temple (0/1) D:4            Lair (2/5) D:10
 Shoals (0/4) Lair:2       Spider (0/4) Lair:2          Orc (0/2) D:10
  IceCv (1/1)

Altars:
Ashenzari
Cheibriados
Dithmenos
Gozag
Hepliaklqana
Makhleb
Nemelex Xobeh
Qazlal
Ru
Uskayaw
Wu Jian
Xom
Zin
The Shining One

Shops:
D:3 (**((   D:4 !   D:9 *?

Annotations:
D:2 1 runed translucent door, Crazy Yiuf
D:4 2 transporters, exclusion: statue, Azoth's ghost, amateur DEHu IceCv exclusion: ice statue

##.#...#####...##
.#####...#.#....## ##
###.....#...# .#
###.####..# .#
#####..## ## #..## #
####..#### ##.#.÷☼○#I##
###......☼@☼.#
#........☼☼...#
###..........○§..#
#............§....#
###......Y.........#
####..#..............##
.#...####...........##
...### ###........##
#.## ##...


You could see an ice statue and an ice beast (summoned).


Message History

The mystic blast hits the ice statue!
The ice statue is severely damaged.
The ice statue gestures at you. The freezing blast engulfs you!
You feel a terrible chill!
Casting: Iskenderun's Mystic Blast (mildly dangerous; 1% risk of failure)
Confirm with . or Enter, or press ? or * to list all spells.
You erupt in a blast of force!
The mystic blast hits the ice statue!
The ice statue is almost destroyed.
You are engulfed in freezing vapours.
Casting: Iskenderun's Mystic Blast (mildly dangerous; 1% risk of failure)
Confirm with . or Enter, or press ? or * to list all spells.
You erupt in a blast of force!
The mystic blast hits the ice beast!
The ice beast is severely wounded.
The ice beast is knocked back by the mystic blast.
The mystic blast hits the ice beast!
You kill the ice beast!
The ice beast disappears in a puff of smoke!
The mystic blast hits the ice statue.
The ice statue is almost destroyed.
You are engulfed in freezing vapours.
* * * LOW HITPOINT WARNING * * *
Unknown command.
Casting: Iskenderun's Mystic Blast (mildly dangerous; 1% risk of failure)
Confirm with . or Enter, or press ? or * to list all spells.
You erupt in a blast of force!
The mystic blast hits the ice statue but does no damage.
The ice statue is almost destroyed.
* * * LOW HITPOINT WARNING * * *
You are engulfed in freezing vapours.
You die...

Skill      XL: |  1  2  3  4  5  6  7  8  9 10 11 12 13 |
---------------+----------------------------------------+-----
Spellcasting   | 3 4 5 6 7 9 10 11 12 | 12.2
Conjurations   | 3 4 5 6 7 9 10 11 12 | 12.2
Hexes          | 3 4 5 6 7 9 10 11 12 | 12.2
Summonings     | 3 4 5 6 7 9 10 11 12 | 12.2
Necromancy     | 3 4 5 6 7 9 10 11 12 | 12.2
Translocations | 3 4 5 6 7 9 10 11 12 | 12.2
Fire Magic     | 3 4 5 6 7 9 10 11 12 | 12.2
Ice Magic      | 3 4 5 6 7 9 10 11 12 | 12.2
Air Magic      | 3 4 5 6 7 9 10 11 12 | 12.2
Earth Magic    | 3 4 5 6 7 9 10 11 12 | 12.2
Alchemy        | 3 4 5 6 7 9 10 11 12 | 12.2
Fighting       | 2 3 4 5 7 9 11 13 14 15 | 15.6
Ranged Weapons | |  1.5
Dodging        | |  2.1
Shields        | |  0.7

Action                     |  1- 3 |  4- 6 |  7- 9 | 10-12 | 13-15 || total
---------------------------+-------+-------+-------+-------+-------++-------
  Melee: Hand axe          |       |    61 |     5 |     2 |       ||    68
         Punch             |       |     4 |     1 |       |       ||     5
   Fire: Sling             |   104 |     8 |       |       |       ||   112
   Cast: Foxfire           |       |    93 |   379 |   478 |    83 ||  1033
         Jinxbite          |       |     1 |       |       |       ||     1
         Blink             |       |       |     2 |       |     2 ||     4
         Inner Flame       |       |       |     5 |    66 |    16 ||    87
         Ensorcelled Hiber |       |       |     3 |       |       ||     3
         Iskenderun's Myst |       |       |     6 |   116 |    60 ||   182
         Cause Fear        |       |       |     1 |     1 |       ||     2
         Summon Mana Viper |       |       |       |       |     3 ||     3
  Evoke: Wand              |       |       |       |     1 |       ||     1
    Use: Scroll            |       |       |       |    15 |     2 ||    17
 Armour: Robe              |    24 |     2 |       |       |       ||    26
         Leather armour    |       |    38 |    58 |    23 |       ||   119
         Troll leather arm |       |       |       |    72 |    94 ||   166
  Dodge: Dodged            |    26 |    36 |    50 |    62 |    44 ||   218

Levels and vault maps discovered:
D:1:      minmay_arrival_arboretum_small, layout_loops_ring
D:2:      layout_basic, uniq_crazy_yiuf_cottage
D:3:      minmay_wonky_spiral, layout_basic,
          mainiacjoe_overflow_six_doors_small, nzn_wu_jian_council_hall,
          nzn_hepliaklqana_mist_gate, serial_shops, shop,
          nicolae_shop_waterfront, shop, shop_fountains,
          nicolae_shop_window_shopping, minmay_quadrilaterals
D:4:      layout_loops_corners, vehumet_statue, minmay_temple_entry_mini_moons,
          gammafunk_ghost_arena, nicolae_stop_n_shop_1
D:5:      layout_rooms, mainiacjoe_overflow_alcove_4
D:6:      layout_cave_pools, mainiacjoe_overflow_alcove_1,
          nicolae_ru_awakened_eye, serial_gnoll_camp, gnoll_camp_mini_loothouse,
          gnoll_camp_huts_moat, gnoll_camp_mini_house, gnoll_camp_mini_doghouse,
          gnoll_camp_mini_hut, uniq_maggie
D:7:      layout_cave_pods, amethyst_overflow_temple_binary,
          grunt_qazlal_clouds, serial_column_ruins, column_ruins_hut,
          column_ruins_open_tiny, column_ruins_corridor_straight,
          column_ruins_columns_straight, column_ruins_open_small,
          column_ruins_grid_1, column_ruins_columns_straight, uniq_joseph
D:8:      layout_rooms, lemuel_blue_sif_altar, serial_rivers,
          chequers_serial_rivers_micro_d, chequers_serial_rivers_micro_e,
          chequers_serial_rivers_micro_d, chequers_serial_rivers_small_b,
          chequers_serial_rivers_micro_e, grunt_ministairs_11
D:9:      layout_stronghold, xom_butterflies, nemelex_xobeh_ov_fountains_minmay,
          zin_purify, marbit_many_paths, mainiacjoe_overflow_surrounded_room,
          serial_shops, nicolae_shop_tiny_waterfront, grunt_ministairs_1
D:10:     layout_roguey, hellmonk_lair_entry_icy, orc_0_dummy
D:11:     layout_small_grid, uniq_lodul, uniq_nergalle
D:12:     layout_roguey, lemuel_flamethrower_hall
Lair:1:   hellmonk_destroyed_diamonds, layout_big_grid,
          hangedman_lair_unloving_vines
Lair:2:   layout_roguey [special_room_bee], elwin_shoals_entry_rooms,
          hellmonk_spider_entry_life_and_decay,
          portal_ice_cave_entry_ice_simulacra
IceCv:    ice_cave_small_dragons

Notes
Turn   | Place    | Note
-------+----------+-------------------------------------------
     0 | D:1      | cforsyth the Djinni Hexslinger began the quest for the Orb.
     0 | D:1      | cforsyth set off with the following spells memorised:
                  | Jinxbite, Sigil of Binding, Inner Flame, Cause Fear,
                  | Dimensional Bullseye.
     0 | D:1      | Reached XP level 1. HP: 17/17 MP: 0/0
   105 | D:1      | Reached XP level 2. HP: 22/22 MP: 0/0
   212 | D:1      | Reached skill level 3 in Spellcasting
   212 | D:1      | Reached skill level 3 in Conjurations
   212 | D:1      | Reached skill level 3 in Hexes
   212 | D:1      | Reached skill level 3 in Summonings
   212 | D:1      | Reached skill level 3 in Necromancy
   212 | D:1      | Reached skill level 3 in Translocations
   212 | D:1      | Reached skill level 3 in Fire Magic
   212 | D:1      | Reached skill level 3 in Ice Magic
   212 | D:1      | Reached skill level 3 in Air Magic
   212 | D:1      | Reached skill level 3 in Earth Magic
   212 | D:1      | Reached skill level 3 in Alchemy
   364 | D:1      | Reached skill level 2 in Fighting
   364 | D:1      | Reached XP level 3. HP: 28/28 MP: 0/0
   364 | D:1      | Learned a level 1 spell: Foxfire
  1018 | D:2      | Reached XP level 4. HP: 34/34 MP: 0/0
  1129 | D:2      | Found a runed translucent door.
  1130 | D:2      | Noticed Crazy Yiuf
  1300 | D:3      | Found Valibeed's Antique Weapon Boutique.
  1341 | D:3      | Found a hide-covered altar of Uskayaw.
  1472 | D:3      | Reached skill level 3 in Fighting
  1729 | D:3      | Reached XP level 5. HP: 38/40 MP: 0/0
  1729 | D:3      | Learned a level 2 spell: Ensorcelled Hibernation
  1750 | D:3      | Found a hazy altar of Hepliaklqana.
  1790 | D:3      | Found Baaraw's General Store.
  1835 | D:3      | Found Edwab's Weapon Shoppe.
  1920 | D:3      | Found Leerheax's Antique Weapon Shoppe.
  1941 | D:3      | Found Netriazu's General Store.
  1947 | D:3      | Found an ornate altar of the Wu Jian Council.
  2457 | D:4      | Found a staircase to the Ecumenical Temple.
  2485 | D:4      | Found a transporter.
  2487 | D:4      | Noticed a kobold brigand
  2488 | D:4      | Found a transporter.
  2488 | D:4      | Noticed Azoth's ghost (amateur DEHu)
  2763 | D:4      | Identified the +1 ring mail of Vutoshas {rElec rN++ Will-
                  | Regen+}
  2830 | D:4      | Noticed a frost-covered statue
  3002 | D:4      | Found Vobam's Distillery.
  3012 | D:4      | Reached skill level 4 in Spellcasting
  3012 | D:4      | Reached skill level 4 in Conjurations
  3012 | D:4      | Reached skill level 4 in Hexes
  3012 | D:4      | Reached skill level 4 in Summonings
  3012 | D:4      | Reached skill level 4 in Necromancy
  3012 | D:4      | Reached skill level 4 in Translocations
  3012 | D:4      | Reached skill level 4 in Fire Magic
  3012 | D:4      | Reached skill level 4 in Ice Magic
  3012 | D:4      | Reached skill level 4 in Air Magic
  3012 | D:4      | Reached skill level 4 in Earth Magic
  3012 | D:4      | Reached skill level 4 in Alchemy
  3012 | D:4      | Reached XP level 6. HP: 41/47 MP: 0/0
  3015 | D:4      | Reached skill level 4 in Fighting
  3064 | D:4      | Bought a potion of heal wounds for 50 gold pieces
  3208 | D:5      | Entered Level 5 of the Dungeon
  3211 | D:5      | Noticed a black bear
  3216 | D:5      | Killed a black bear
  3289 | D:5      | Reached XP level 7. HP: 47/53 MP: 0/0
  3289 | D:5      | Learned a level 2 spell: Blink
  3342 | D:5      | Reached skill level 5 in Fighting
  3646 | D:5      | Reached skill level 5 in Spellcasting
  3646 | D:5      | Reached skill level 5 in Conjurations
  3646 | D:5      | Reached skill level 5 in Hexes
  3646 | D:5      | Reached skill level 5 in Summonings
  3646 | D:5      | Reached skill level 5 in Necromancy
  3646 | D:5      | Reached skill level 5 in Translocations
  3646 | D:5      | Reached skill level 5 in Fire Magic
  3646 | D:5      | Reached skill level 5 in Ice Magic
  3646 | D:5      | Reached skill level 5 in Air Magic
  3646 | D:5      | Reached skill level 5 in Earth Magic
  3646 | D:5      | Reached skill level 5 in Alchemy
  3728 | D:5      | Found a glowing golden altar of the Shining One.
  3761 | D:5      | Reached XP level 8. HP: 58/61 MP: 0/0
  3815 | D:5      | Reached skill level 6 in Fighting
  4374 | D:6      | Reached skill level 7 in Fighting
  4407 | D:6      | Found a broken altar of Ashenzari.
  4540 | D:6      | Reached skill level 6 in Spellcasting
  4540 | D:6      | Reached skill level 6 in Conjurations
  4540 | D:6      | Reached skill level 6 in Hexes
  4540 | D:6      | Reached skill level 6 in Summonings
  4540 | D:6      | Reached skill level 6 in Necromancy
  4540 | D:6      | Reached skill level 6 in Translocations
  4540 | D:6      | Reached skill level 6 in Fire Magic
  4540 | D:6      | Reached skill level 6 in Ice Magic
  4540 | D:6      | Reached skill level 6 in Air Magic
  4540 | D:6      | Reached skill level 6 in Earth Magic
  4540 | D:6      | Reached skill level 6 in Alchemy
  5051 | D:5      | Reached XP level 9. HP: 62/68 MP: 0/0
  5051 | D:5      | Learned a level 4 spell: Iskenderun's Mystic Blast
  5294 | D:6      | Found a sacrificial altar of Ru.
  5351 | D:6      | Reached skill level 8 in Fighting
  5753 | D:6      | Noticed Maggie
  5765 | D:6      | Killed Maggie
  5766 | D:6      | Reached skill level 7 in Spellcasting
  5766 | D:6      | Reached skill level 7 in Conjurations
  5766 | D:6      | Reached skill level 7 in Hexes
  5766 | D:6      | Reached skill level 7 in Summonings
  5766 | D:6      | Reached skill level 7 in Necromancy
  5766 | D:6      | Reached skill level 7 in Translocations
  5766 | D:6      | Reached skill level 7 in Fire Magic
  5766 | D:6      | Reached skill level 7 in Ice Magic
  5766 | D:6      | Reached skill level 7 in Air Magic
  5766 | D:6      | Reached skill level 7 in Earth Magic
  5766 | D:6      | Reached skill level 7 in Alchemy
  5935 | D:6      | Reached skill level 9 in Fighting
  6628 | D:7      | Found a shadowy altar of Dithmenos.
  6628 | D:7      | Found a snail-covered altar of Cheibriados.
  6673 | D:7      | Reached XP level 10. HP: 67/78 MP: 0/0
  6854 | D:7      | Noticed Joseph
  6864 | D:7      | Killed Joseph
  7053 | D:7      | Reached skill level 10 in Fighting
  7224 | D:7      | Reached skill level 8 in Spellcasting
  7224 | D:7      | Reached skill level 8 in Conjurations
  7224 | D:7      | Reached skill level 8 in Hexes
  7224 | D:7      | Reached skill level 8 in Summonings
  7224 | D:7      | Reached skill level 8 in Necromancy
  7224 | D:7      | Reached skill level 8 in Translocations
  7224 | D:7      | Reached skill level 8 in Fire Magic
  7224 | D:7      | Reached skill level 8 in Ice Magic
  7224 | D:7      | Reached skill level 8 in Air Magic
  7224 | D:7      | Reached skill level 8 in Earth Magic
  7224 | D:7      | Reached skill level 8 in Alchemy
  7627 | D:7      | Found a stormy altar of Qazlal.
  8106 | D:8      | Reached skill level 11 in Fighting
  8173 | D:8      | You are sucked into a shaft and drop 3 floors!
  8276 | D:11     | Noticed a komodo dragon
  8314 | D:11     | Noticed a komodo dragon
  8327 | D:11     | Killed a komodo dragon
  8433 | D:11     | Reached skill level 9 in Spellcasting
  8433 | D:11     | Reached skill level 9 in Conjurations
  8433 | D:11     | Reached skill level 9 in Hexes
  8433 | D:11     | Reached skill level 9 in Summonings
  8433 | D:11     | Reached skill level 9 in Necromancy
  8433 | D:11     | Reached skill level 9 in Translocations
  8433 | D:11     | Reached skill level 9 in Fire Magic
  8433 | D:11     | Reached skill level 9 in Ice Magic
  8433 | D:11     | Reached skill level 9 in Air Magic
  8433 | D:11     | Reached skill level 9 in Earth Magic
  8433 | D:11     | Reached skill level 9 in Alchemy
  8433 | D:11     | Reached XP level 11. HP: 76/87 MP: 0/0
  8433 | D:11     | Learned a level 5 spell: Metabolic Englaciation
  8437 | D:10     | Entered Level 10 of the Dungeon
  9033 | D:10     | Reached skill level 12 in Fighting
  9098 | D:10     | Found a staircase to the Orcish Mines.
  9140 | D:10     | Found a staircase to the Lair.
  9450 | D:9      | Found an opulent altar of Gozag.
  9521 | D:9      | Found a burning altar of Makhleb.
  9646 | D:9      | Noticed a two-headed ogre
  9663 | D:9      | Killed a two-headed ogre
  9784 | D:9      | Reached skill level 10 in Spellcasting
  9784 | D:9      | Reached skill level 10 in Conjurations
  9784 | D:9      | Reached skill level 10 in Hexes
  9784 | D:9      | Reached skill level 10 in Summonings
  9784 | D:9      | Reached skill level 10 in Necromancy
  9784 | D:9      | Reached skill level 10 in Translocations
  9784 | D:9      | Reached skill level 10 in Fire Magic
  9784 | D:9      | Reached skill level 10 in Ice Magic
  9784 | D:9      | Reached skill level 10 in Air Magic
  9784 | D:9      | Reached skill level 10 in Earth Magic
  9784 | D:9      | Reached skill level 10 in Alchemy
  9828 | D:9      | Found Umavvats's Magic Scroll Shop.
  9836 | D:9      | Bought a scroll of blinking for 112 gold pieces
  9836 | D:9      | Bought a scroll of teleportation for 45 gold pieces
  9836 | D:9      | Bought a scroll of identify for 30 gold pieces
  9993 | D:9      | Found a sparkling altar of Nemelex Xobeh.
 10002 | D:9      | Noticed a two-headed ogre
 10010 | D:9      | Killed a two-headed ogre
 10023 | D:9      | Found a shimmering altar of Xom.
 10355 | D:9      | Found Zin's Purification Station.
 10355 | D:9      | Found a glowing silver altar of Zin.
 10377 | D:9      | Noticed a seven-headed hydra
 10386 | D:9      | Killed a seven-headed hydra
 10387 | D:9      | Reached skill level 13 in Fighting
 10547 | D:8      | Reached XP level 12. HP: 91/98 MP: 0/0
 11241 | D:11     | Noticed Nergalle
 11263 | D:11     | Killed Nergalle
 11546 | D:11     | Noticed Lodul
 11554 | D:11     | Killed Lodul
 11555 | D:11     | Reached skill level 14 in Fighting
 11555 | D:11     | Reached skill level 11 in Spellcasting
 11555 | D:11     | Reached skill level 11 in Conjurations
 11555 | D:11     | Reached skill level 11 in Hexes
 11555 | D:11     | Reached skill level 11 in Summonings
 11555 | D:11     | Reached skill level 11 in Necromancy
 11555 | D:11     | Reached skill level 11 in Translocations
 11555 | D:11     | Reached skill level 11 in Fire Magic
 11555 | D:11     | Reached skill level 11 in Ice Magic
 11555 | D:11     | Reached skill level 11 in Air Magic
 11555 | D:11     | Reached skill level 11 in Earth Magic
 11555 | D:11     | Reached skill level 11 in Alchemy
 11766 | D:11     | Noticed a two-headed ogre
 11775 | D:11     | Killed a two-headed ogre
 12172 | D:12     | Noticed a centaur warrior
 13174 | D:12     | Killed a centaur warrior
 13408 | Lair:1   | Entered Level 1 of the Lair of Beasts
 13421 | Lair:1   | Reached XP level 13. HP: 74/106 MP: 0/0
 13421 | Lair:1   | Learned a level 5 spell: Summon Mana Viper
 13499 | D:10     | Reached skill level 15 in Fighting
 14182 | Lair:1   | Reached skill level 12 in Spellcasting
 14182 | Lair:1   | Reached skill level 12 in Conjurations
 14182 | Lair:1   | Reached skill level 12 in Hexes
 14182 | Lair:1   | Reached skill level 12 in Summonings
 14182 | Lair:1   | Reached skill level 12 in Necromancy
 14182 | Lair:1   | Reached skill level 12 in Translocations
 14182 | Lair:1   | Reached skill level 12 in Fire Magic
 14182 | Lair:1   | Reached skill level 12 in Ice Magic
 14182 | Lair:1   | Reached skill level 12 in Air Magic
 14182 | Lair:1   | Reached skill level 12 in Earth Magic
 14182 | Lair:1   | Reached skill level 12 in Alchemy
 14689 | Lair:2   | Found a frozen archway.
 14701 | Lair:2   | Noticed a four-headed hydra
 14711 | Lair:2   | Killed a four-headed hydra
 14716 | IceCv    | Entered an ice cave
 15707 | IceCv    | Engulfed by an ice statue's freezing vapour

Vanquished Creatures
  2 hydras
  A centaur warrior (D:12)
  3 two-headed ogres
  Nergalle (D:11)
  Lodul (D:11)
  An ugly thing (D:11)
  A manticore (D:11)
  Joseph (D:7)
  An ice statue (IceCv)
  A gargoyle (D:10)
  A cane toad (Lair:1)
  Maggie (D:6)
  An unseen horror (D:12)
  3 rime drakes
  6 komodo dragons
  5 trolls
  2 hornets
  5 wyverns
  2 vampires
  32 yaks
  A basilisk (Lair:1)
  A wraith (D:9)
  5 vampire mosquitoes
  A steam dragon (D:9)
  3 water moccasins
  5 ice beasts
  4 black bears
  5 orc warriors
  11 ogres
  A centaur (D:8)
  A phantom (D:10)
  10 wolves
  6 kobold brigands
  5 bullfrogs
  6 gnoll sergeants
  A cane toad simulacrum (Lair:2)
  A scorpion (D:5)
  12 wights
  6 killer bees (D:9)
  An elephant simulacrum (Lair:2)
  2 lindwurm simulacra (IceCv)
  A howler monkey (D:11)
  2 komodo dragon simulacra (IceCv)
  2 bombardier beetles
  9 hounds
  4 orc priests
  4 gnoll boudas
  A sleepcap (D:6)
  9 orc wizards
  3 iguanas
  47 gnolls
  4 acid dragon simulacra (IceCv)
  11 adders
  2 white imps
  4 steam dragon simulacra (IceCv)
  3 dart slugs
  26 orcs
  9 ball pythons
  6 bats
  7 endoplasms
  3 giant cockroaches
  9 goblins
  6 hobgoblins
  9 jackals
  30 kobolds
  3 quokkas (D:1)
  3 frilled lizards
  5 rats
381 creatures vanquished.

Vanquished Creatures (collateral kills)
  4 foxfires
4 creatures vanquished.

Vanquished Creatures (others)
  An ugly thing (D:12)
  1819 foxfires
1820 creatures vanquished.

Grand Total: 2205 creatures vanquished

Table legend: (Time is in decaauts)
 A = Elapsed time spent in this place.
 B = Non-inter-level travel time spent in this place.
 C = Inter-level travel time spent in this place.
 D = Time resting spent in this place.
 E = Time spent auto-exploring this place.
 F = Levels seen in this place.
 G = Mean time per level.
                   A        B        C        D        E       F      G
               +--------+--------+--------+--------+--------+-----+--------+
         Total |  15770 |  15361 |    409 |   2698 |   9670 |  15 | 1051.3 |
       Dungeon |  14280 |  13901 |    379 |   2035 |   9229 |  12 | 1190.0 |
          Lair |    498 |    468 |     30 |    119 |    250 |   2 |  249.0 |
      Ice Cave |    991 |    991 |      0 |    544 |    191 |   1 |  991.0 |
               +--------+--------+--------+--------+--------+-----+--------+

Top non-repeatable levels by time:
     D:7: 1771 daAuts
    D:10: 1768 daAuts
     D:6: 1677 daAuts
     D:5: 1376 daAuts
     D:9: 1232 daAuts
    D:11: 1231 daAuts
    D:12: 1203 daAuts
   IceCv: 991 daAuts
     D:3: 967 daAuts
     D:4: 960 daAuts
     D:8: 758 daAuts
     D:1: 708 daAuts
     D:2: 624 daAuts
  Lair:1: 455 daAuts
  Lair:2: 42 daAuts

Table legend:
 A = Non-vault XP
 B = Vault XP
 C = Vault XP percentage of total XP
 D = Non-vault monster count
 E = Vault monster count
 F = Vault count percentage of total count
                 A         B        C        D         E       F
            +---------+---------+-------+---------+---------+-------
      Total |   27484 |    8183 |  22.9 |     287 |      94 |  24.7
            +---------+---------+-------+---------+---------+-------
        D:1 |      38 |       0 |   0.0 |      23 |       0 |   0.0
        D:2 |      41 |       0 |   0.0 |      17 |       0 |   0.0
        D:3 |      97 |      11 |  10.2 |      18 |       7 |  28.0
        D:4 |     123 |       0 |   0.0 |      10 |       0 |   0.0
        D:5 |    1026 |      97 |   8.6 |      23 |       2 |   8.0
        D:6 |     690 |    1319 |  65.7 |      19 |      38 |  66.7
        D:7 |    2594 |     475 |  15.5 |      30 |       1 |   3.2
        D:8 |    1961 |     111 |   5.4 |      26 |       8 |  23.5
        D:9 |    3970 |    1121 |  22.0 |      35 |       5 |  12.5
       D:10 |    3746 |     859 |  18.7 |      37 |       5 |  11.9
       D:11 |    4566 |    2576 |  36.1 |      18 |      11 |  37.9
       D:12 |    3093 |       0 |   0.0 |       9 |       0 |   0.0
     Lair:1 |    3931 |       0 |   0.0 |      17 |       0 |   0.0
     Lair:2 |    1608 |     150 |   8.5 |       5 |       2 |  28.6
      IceCv |       0 |    1464 | 100.0 |       0 |      15 | 100.0
            +---------+---------+-------+---------+---------+-------
